 Dungeon Crawl Stone Soup version 0.16-a0-3708-g05dc7d7 (webtiles) character file.

84 Johnny the Ducker (level 4, -4/29 HPs)
             Began as a High Elf Artificer on Jan 19, 2015.
             Was an Initiate of Trog.
             Killed by nerve-wracking pain
             ... invoked by Grinder
              (6 damage)
             ... while paralysed by Grinder
             ... on level 3 of the Dungeon.
             The game lasted 00:01:59 (1959 turns).

Johnny the Ducker (High Elf Artificer)              Turns: 1959, Time: 00:01:59

Health: -4/29      AC:  3    Str: 10    XL:     4   Next: 23%
Magic:  9/9        EV:  2    Int: 16    God:    Trog [......]
Gold:   59         SH:  0    Dex: 16    Spells: 0 memorised, 3 levels left

rFire  . . .     SeeInvis .     h - +2 dagger (venom)
rCold  . . .     Clarity  .     e - +0 leather armour
rNeg   . . .     SustAb   .     (no shield)
rPois  .         Gourm    .     (no helmet)
rElec  .         Spirit   .     (no cloak)
rCorr  .         Warding  .     (no gloves)
rMut   .         Rnd*Tele +     (no boots)
MR     .....                    (no amulet)
Stlth  ++........               (no ring)
                                l - ring of teleportation (curse)

@: paralysed, not resistant to hostile enchantments, unstealthy
A: no striking features
a: Burn Spellbooks, Renounce Religion, Evoke Teleportation


You were on level 3 of the Dungeon.
You worshipped Trog.
Trog was noncommittal.
You were not hungry.

You visited 1 branch of the dungeon, and saw 3 of its levels.

You collected 59 gold pieces.

Inventory:

Hand weapons
 a - a +0 short sword
 h - a +2 dagger of venom (weapon)
Armour
 e - a +0 leather armour (worn)
Jewellery
 l - a cursed ring of teleportation (left hand)
Magical devices
 b - a wand of flame (14)
 c - a wand of enslavement (15)
 d - a wand of random effects (14)
Scrolls
 j - a scroll of remove curse {unknown}
 k - 3 scrolls of teleportation {unknown}
 n - 2 scrolls of identify {unknown}
 o - a scroll of enchant weapon {unknown}
Potions
 i - a potion of resistance {unknown}
 q - a potion of might {unknown}
Comestibles
 f - a bread ration
 m - a slice of pizza
 p - 3 fruits


   Skills:
 * Level 2.2 Fighting
 + Level 1.9 Short Blades
 + Level 1.4 Armour
 * Level 3.5 Dodging
 - Level 1.1 Stealth
 - Level 3.0 Evocations


You had 3 spell levels left.
You didn't know any spells.

Dungeon Overview and Level Annotations

Branches:
Dungeon (3/15)

Altars:
Trog

Annotations:
D:1 runed door
D:3 Grinder


Message History

Grinder misses you.
You barely miss Grinder. Grinder hits you.
You writhe in agony.
Evoke which item? (* to show all) (? for menu, Esc to quit)
Zapping:
d - a wand of random effects (15)
Press: ? - help, Shift-Dir - straight line, f - Grinder
Aim: Grinder You hear a mighty clap of thunder!
The bolt of lightning misses Grinder.
This wand has 14 charges left.
You hear a shout! x4
Grinder hits you.
You writhe in agony.
Drink which item? (? for menu, Esc to quit)
It was a potion of restore abilities.
You feel refreshed. Grinder gestures at you.
You suddenly lose the ability to move!
Grinder hits you!
* * * LOW HITPOINT WARNING * * *
You writhe in agony. x2
Grinder gestures at you. Pain shoots through your body!
You die...

#..#.# #
..$... # #....
# #... # #.###
#..# #
#...####..#.#
.##..........#
#
.........$..#
#
........@####
# ........5.#
#.......##
##.....##
##...# ##..
##. #.


You could see Grinder.

Vanquished Creatures
  4 gnolls (D:2)
  An adder (D:2)
  A worm (D:2)
  An ooze (D:2)
  A ball python (D:1)
  2 giant cockroaches
  3 hobgoblins
  3 kobolds
  A quokka (D:3)
  5 bats
  2 giant newts
  7 goblins
  A rat (D:2)
32 creatures vanquished.

Notes
Turn   | Place    | Note
--------------------------------------------------------------
     0 | D:1      | Johnny, the High Elf Artificer, began the quest for the Orb.
     0 | D:1      | Reached XP level 1. HP: 13/13 MP: 2/2
     1 | D:1      | Found a runed door.
   242 | D:1      | Reached XP level 2. HP: 18/18 MP: 4/4
   285 | D:1      | Reached skill level 1 in Armour
  1278 | D:2      | Found a bloodstained altar of Trog.
  1351 | D:2      | Reached XP level 3. HP: 22/24 MP: 6/6
  1367 | D:2      | Reached XP level 4. HP: 14/29 MP: 9/9
  1826 | D:2      | Became a worshipper of Trog the Wrathful
  1953 | D:3      | Noticed Grinder
  1957 | D:3      | Paralysed by Grinder for 4 turns
  1959 | D:3      | Killed from afar by Grinder

Action                   |  1- 3 |  4- 6 || total
-------------------------+-------+-------++-------
Melee: Short sword       |    20 |       ||    20
       Dagger            |    45 |    27 ||    72
Evoke: Wand              |     1 |     1 ||     2
  Use: Potion            |       |     1 ||     1
 Stab: Sleeping          |     2 |       ||     2
  Eat: Meat ration       |       |     1 ||     1
